 Dungeon Crawl Stone Soup version 0.30-a0-953-g5f1da4a474 (webtiles) character file.

Game seed: 886572352115542607

51 MachoJfn the Grave Robber (level 3, -3/24 HPs)
             Began as a Demonspawn Necromancer on Mar 28, 2023.
             Was a Follower of Lugonu.
             Slain by Terence
             ... wielding a +0 mace
              (9 damage)
             ... on level 2 of the Dungeon.
             The game lasted 00:04:23 (1219 turns).

MachoJfn the Grave Robber (Demonspawn Necromancer)  Turns: 1219, Time: 00:04:24

Health: -3/24      AC:  2    Str:  8    XL:     3   Next: 57%
Magic:  1/7        EV: 14    Int: 18    God:    Lugonu [*.....]
Gold:   46         SH:  0    Dex: 13    Spells: 7/8 levels left

rFire   . . .      SeeInvis .    e - +2 dagger (venom)
rCold   . . .      Faith    .    (no shield)
rNeg    . . .      Spirit   .    a - +0 robe
rPois   .          Reflect  .    (no helmet)
rElec   .          Rampage  .    (no cloak)
rCorr   .                        (no gloves)
Will    .....                    (no boots)
Stlth   ++                       (no amulet)
HPRegen 0.24/turn                (no ring)
MPRegen 0.10/turn                (no ring)

@: no status effects
A: repulsion field 1, demonic guardian 1, talons 1
a: Renounce Religion, Depart the Abyss


You were on level 2 of the Dungeon.
You worshipped Lugonu.
Lugonu was aware of your devotion.
You visited 1 branch of the dungeon, and saw 2 of its levels.

You collected 46 gold pieces.

Inventory:

Hand Weapons
 e - a +2 dagger of venom (weapon)
 h - a +0 spear
Armour
 a - a +0 robe (worn)
Potions
 b - a potion of magic
 f - 2 potions of brilliance


   Skills:
 + Level 1.9 Dodging
 + Level 1.8 Stealth
 + Level 3.0 Spellcasting
 + Level 5.0 Necromancy


You had 7 spell levels left.
You knew the following spells:

 Your Spells              Type           Power      Damage    Failure   Level
a - Necrotise             Necr           84%        1d8       1%          1

Your spell library contained the following spells:

 Spells                   Type           Power      Damage    Failure   Level
 Vampiric Draining        Necr           21%        2d7       6%          3
 Animate Dead             Necr           21%        N/A       21%         4
 Agony                    Necr           21%        N/A       50%         5


Dungeon Overview and Level Annotations

Branches:
Dungeon (2/15)

Altars:
Lugonu

Annotations:
D:2 Terence


Innate Abilities, Weirdness & Mutations

You are surrounded by a mild repulsion field. (EV +2)
A weak demonic guardian rushes to your aid.
You have sharp toenails.


Message History

Aim: a hobgoblin (heavily wounded, ally target, chance to affect: 89%)
The hobgoblin writhes in agony.
You kill the hobgoblin!
Lugonu accepts your kill.
The dead are walking!
You feel sick.
Your bat skeleton crumbles into dust!
Your adder skeleton bites Terence but does no damage.
Your Spellcasting skill increases to level 3!
Casting: Necrotise (safe; 1% risk of failure)
Confirm with . or Enter, or press ? or * to list all spells.
Aiming: Necrotise (safe; 1% risk of failure)
Press: ? - help, Shift-Dir - straight line, f - Terence
Aim: Terence, wielding a +0 mace and wearing a +0 ring mail (unusually resistant, ally target, chance to affect: 85%) Terence writhes in agony.
You feel sick.
Your adder skeleton closely misses Terence.
Terence hits you with a +0 mace!
* * * LOW HITPOINT WARNING * * *
Casting: Necrotise (safe; 1% risk of failure)
Confirm with . or Enter, or press ? or * to list all spells.
Aiming: Necrotise (safe; 1% risk of failure)
Press: ? - help, Shift-Dir - straight line, f/p - Terence
Aim: Terence, wielding a +0 mace and wearing a +0 ring mail (lightly wounded, unusually resistant, ally target, chance to affect: 85%) Terence writhes in agony.
You feel sick.
Your adder skeleton bites Terence but does no damage.
Terence bares his teeth.
Terence hits you but does no damage. Terence attacks as you move away!
Terence closely misses you.
You feel sick.
You are no longer poisoned.
Your adder skeleton barely misses Terence.
Your hobgoblin skeleton hits Terence.
Terence attacks as you move away! Terence closely misses you.
Your adder skeleton bites Terence but does no damage.
Casting: Necrotise (safe; 1% risk of failure)
Confirm with . or Enter, or press ? or * to list all spells.
Okay, then.
You aren't in the Abyss!
You hit Terence.
Terence is poisoned.
Your kick misses Terence.
Terence is heavily wounded.
Terence hits you with a +0 mace!
You die...

## ##.# #. ...#
#.##..#####
#.........#
#.##.........#
#.....Z......##
#Z........
#@########
#@### #...#
#...# #...#
#...#
#...#########
#...'.......#
#..)#######.#
#...# #.#


You could see Terence (resistant, very poisoned, ally target), a friendly adder
skeleton and a friendly hobgoblin skeleton.

Vanquished Creatures
  An adder (D:2)
  5 ball pythons
  3 endoplasms (D:1)
  A giant cockroach (D:1)
  2 goblins
  2 hobgoblins (D:2)
  6 jackals (D:1)
  3 quokkas
  5 bats
  2 frilled lizards (D:1)
  3 rats (D:1)
33 creatures vanquished.

Vanquished Creatures (collateral kills)
  2 dart slugs (D:1)
2 creatures vanquished.

Grand Total: 35 creatures vanquished

Notes
Turn   | Place    | Note
-------+----------+-------------------------------------------
     0 | D:1      | MachoJfn the Demonspawn Necromancer began the quest for the
                  | Orb.
     0 | D:1      | Reached XP level 1. HP: 13/13 MP: 3/3
   112 | D:1      | Gained mutation: A weak demonic guardian rushes to your
                  | aid. [demonic ancestry]
   112 | D:1      | Reached XP level 2. HP: 18/19 MP: 1/5
   469 | D:1      | Reached skill level 5 in Necromancy
   583 | D:1      | Gained mutation: You are surrounded by a mild repulsion
                  | field. (EV +2) [demonic ancestry]
   583 | D:1      | Reached XP level 3. HP: 24/24 MP: 4/6
   616 | D:1      | Found a faded altar of an unknown god.
   620 | D:1      | Prayed at the altar of an unknown god.
   620 | D:1      | Became a worshipper of Lugonu the Unformed
   620 | D:1      | Reached * piety under Lugonu
  1055 | D:1      | Gained mutation: You have sharp toenails. [potion of
                  | mutation]
  1207 | D:2      | Noticed Terence
  1219 | D:2      | Slain by Terence

Illustrated notes

Levels and vault maps discovered:
D:1:      dpeg_arrival_boxes_within_box, layout_loops_ring,
          basic_ecumenical_altar, feat_on_display
D:2:      layout_basic, minmay_misc_feat_nine_boxes, uniq_sigmund,
          uniq_crazy_yiuf_cottage, uniq_terence

Skill      XL: |  1  2  3 |
---------------+----------+-----
Necromancy     | 5 |  5.0
Spellcasting   | 3 |  3.0
Dodging        | |  1.9
Stealth        | |  1.8

Action                     || total
---------------------------++-------
  Melee: Dagger            ||    14
   Cast: Necrotise         ||    46
    Use: Potion            ||     2
         Scroll            ||     1
 Armour: Robe              ||     2
  Dodge: Dodged            ||    13

Table legend: (Time is in decaauts)
 A = Elapsed time spent in this place.
 B = Non-inter-level travel time spent in this place.
 C = Inter-level travel time spent in this place.
 D = Time resting spent in this place.
 E = Time spent auto-exploring this place.
 F = Levels seen in this place.
 G = Mean time per level.
                   A        B        C        D        E       F      G
               +--------+--------+--------+--------+--------+-----+--------+
         Total |   1218 |   1119 |     99 |     47 |    924 |   2 |  609.0 |
       Dungeon |   1218 |   1119 |     99 |     47 |    924 |   2 |  609.0 |
               +--------+--------+--------+--------+--------+-----+--------+

Top non-repeatable levels by time:
     D:1: 1098 daAuts
     D:2: 119 daAuts
